 Dungeon Crawl Stone Soup version 0.25.1-2-g60ff931df9 (webtiles) character file.

Game seed: 7910811240803747239

23 1player the Skirmisher (level 3, 0/29 HPs)
             Began as a Formicid Abyssal Knight on Aug 5, 2020.
             Was a Follower of Lugonu.
             Succumbed to goblin's curare-tipped dart
             ... on level 1 of the Dungeon.
             The game lasted 00:03:44 (873 turns).

1player the Skirmisher (Formicid Abyssal Knight)     Turns: 873, Time: 00:03:45

Health: 0/29       AC:  3    Str: 17    XL:     3   Next: 12%
Magic:  4/4        EV: 11    Int: 11    God:    Lugonu [*.....]
Gold:   104        SH:  0    Dex: 10    Spells: 2/2 levels left

rFire    . . .     SeeInvis +   a - +1 hand axe
rCold    . . .     Gourm    .   (no shield)
rNeg     . . .     Faith    .   b - +0 leather armour
rPois    .         Spirit   .   (helmet unavailable)
rElec    .         Reflect  .   (no cloak)
rCorr    .         Harm     .   (no gloves)
MR       .....                  (no boots)
Stlth    +.........             (no amulet)
HPRegen  0.09/turn              (no ring)
MPRegen  0.09/turn              (no ring)

@: lethally poisoned (0 -> -20)
A: permanent stasis, dig shafts and tunnels, four strong arms, antennae 3
a: Dig, Shaft Self, Depart the Abyss, Renounce Religion


You were on level 1 of the Dungeon.
You worshipped Lugonu.
Lugonu was aware of your devotion.
You were not hungry.

You visited 1 branch of the dungeon, and saw 1 of its levels.
You visited the Abyss 1 time.

You collected 104 gold pieces.

Inventory:

Hand Weapons
 a - a +1 hand axe (weapon)
Armour
 b - a +0 leather armour (worn)
Scrolls
 g - a scroll of blinking {unknown}
 h - 4 scrolls of identify {unknown}
 i - a scroll of teleportation {unknown}
 m - 2 scrolls of noise {unknown}
Potions
 f - a potion of brilliance {unknown}
 k - a potion of heal wounds {unknown}
 l - a potion of lignification {unknown}
 n - a potion of stabbing {unknown}
Comestibles
 e - 2 rations {!d}
 o - 6 chunks of flesh


   Skills:
 + Level 3.4 Fighting
 + Level 2.5 Axes
 - Level 2.1 Armour
 + Level 1.6 Dodging
 - Level 2.6 Invocations


You had 2 spell levels left.
You didn't know any spells.
Your spell library was empty.

Dungeon Overview and Level Annotations

Branches:
Dungeon (1/15)

Altars:


Innate Abilities, Weirdness & Mutations

You cannot be hasted, slowed, berserked, paralysed or teleported.
You can dig through walls and to a lower floor.
Your four strong arms can wield two-handed weapons with a shield.
You have a pair of large antennae on your head. (SInv)


Message History

You see here a curare-tipped dart.
You feel sick.
The goblin throws a curare-tipped dart.
The curare-tipped dart closely misses you.
You see here a curare-tipped dart.
You feel sick.
You feel sick.
You feel sick.
The goblin throws a curare-tipped dart.
The curare-tipped dart hits you.
You are lethally poisoned!
You have difficulty breathing.
* * * LOW HITPOINT WARNING * * *
Your stasis prevents you from being slowed.
You see here a curare-tipped dart.
* * * LOW HITPOINT WARNING * * *
You feel sick.
There is an open door here.
* * * LOW HITPOINT WARNING * * *
You feel sick.
You close the door.
You die...

####################
#........#.........#
#........#.........# ### #####
#..................###.###....
#..........(.......).......#.#
#.........##+########..#.#.#.#
####....#.##.@.....##........#
#.#g##.####.....#.#.........#
#.#(...# #.....#.#....#.#..#
#####(g.)#### #.....#............
(#>.{..#....# #.....#....######..
.#.#.....##.# #.....#..#.# ###..
.g.#.#.#.##.####....(....# #....
(#...#.#.#....##....###########..
.........'....'..................


There were no monsters in sight!

Vanquished Creatures
  A dart slug (D:1)
  2 leopard geckos (D:1)
  3 giant cockroaches (D:1)
  4 goblins (D:1)
  A hobgoblin (D:1)
  2 jackals (D:1)
  A bat (D:1)
  2 frilled lizards (D:1)
  A kobold (D:1)
  2 rats (D:1)
19 creatures vanquished.

Notes
Turn   | Place    | Note
-------+----------+-------------------------------------------
     0 | Abyss:1  | 1player the Formicid Abyssal Knight began the quest for the
                  | Orb.
     0 | Abyss:1  | Reached XP level 1. HP: 18/18 MP: 2/2
    16 | Abyss:1  | Found a corrupted altar of Lugonu.
    27 | Abyss:1  | Noticed a revenant
    29 | D:1      | Escaped the Abyss
    91 | D:1      | Reached skill level 1 in Dodging
   306 | D:1      | Reached XP level 2. HP: 16/24 MP: 3/3
   310 | D:1      | Reached * piety under Lugonu
   740 | D:1      | Reached XP level 3. HP: 29/29 MP: 4/4
   873 | D:1      | Succumbed to goblin's curare-tipped dart

Illustrated notes

Levels and vault maps discovered:
D:1:      mrwooster_arrival_statue, layout_basic, minmay_tetromino_t4

Skill      XL: |  1 |
---------------+----+-----
Dodging        | 1 |  1.6
Fighting       | |  3.4
Axes           | |  2.5
Armour         | |  2.1
Invocations    | |  2.6

Action                   || total
-------------------------++-------
Melee: Hand axe          ||    73
Invok: Depart the Abyss  ||     1
Armor: Leather armour    ||    29
Dodge: Dodged            ||    53
